 Dungeon Crawl Stone Soup version 0.22.0-75-g3901e79 (webtiles) character file.

3899 experimilk the Grappler (level 10, -1/102 HPs)
             Began as a Troll Monk on Sept 12, 2018.
             Was a Priest of Ru.
             Slain by a two-headed ogre
             ... wielding a +0 great mace
              (2 damage)
             ... on level 8 of the Dungeon.
             The game lasted 00:20:59 (8522 turns).

experimilk the Grappler (Troll Monk)                Turns: 8522, Time: 00:20:59

Health: -1/102     AC:  6    Str: 21    XL:     10   Next: 0%
Magic:  9/9        EV: 14    Int:  6    God:    Ru [***...]
Gold:   412        SH:  0    Dex: 15    Spells: 9/9 levels left

rFire    . . .     SeeInvis +     - Unarmed
rCold    . . .     Gourm    +   (no shield)
rNeg     + . .     Faith    .   a - +0 robe
rPois    .         Spirit   .   (helmet restricted)
rElec    .         Reflect  .   r - +0 cloak
rCorr    .         Harm     .   (gloves unavailable)
MR       .....                  (boots unavailable)
Stlth    ++........             (no amulet)
HPRegen  0.67/turn              A - ring of positive energy
MPRegen  0.11/turn              m - ring of see invisible

@: exhausted, drained
A: large, unfitting armour, claws 3, fast metabolism 3, gourmand, regeneration
1, shaggy fur 1, tough skin 2, inability to train armour, inexperienced 1
a: Draw Out Power, Renounce Religion


You were on level 8 of the Dungeon.
You worshipped Ru.
Ru was most pleased with you.
You were very full.

You visited 2 branches of the dungeon, and saw 10 of its levels.
You also visited: Ossuary.

You collected 412 gold pieces.

Inventory:

Missiles
 i - 2 throwing nets
 t - a javelin (quivered)
Armour
 a - a +0 robe (worn)
 r - a +0 cloak (worn)
Jewellery
 l - an uncursed ring of wizardry
 m - a ring of see invisible (right claw)
 s - an uncursed amulet of rage {unknown}
 u - an uncursed ring of magical power
 A - a ring of positive energy (left claw)
Wands
 k - a wand of clouds (8)
Scrolls
 e - a scroll of magic mapping
 f - 3 scrolls of immolation
 g - 3 scrolls of blinking
 h - 7 scrolls of remove curse
 n - a scroll of acquirement {unknown}
 v - 2 scrolls of amnesia {unknown}
 w - 2 scrolls of teleportation {unknown}
 x - a scroll of enchant weapon {unknown}
 y - 4 scrolls of noise {unknown}
 C - a scroll of fog {unknown}
 E - a scroll of fear {unknown}
Potions
 c - 5 potions of lignification
 d - a potion of flight
 j - a potion of invisibility
 o - 3 potions of heal wounds {unknown}
 p - 4 potions of brilliance
 q - 2 potions of degeneration {unknown}
 z - 2 potions of curing {unknown}
 B - a potion of ambrosia {unknown}
Comestibles
 b - 25 rations


   Skills:
 + Level 7.1(6.7) Fighting
 + Level 7.1(6.7) Dodging
 - Level 1.0(0.7) Stealth
 * Level 11.4(11.0) Unarmed Combat


You had 9 spell levels left.
You didn't know any spells.
Your spell library was empty.

Dungeon Overview and Level Annotations

Branches:
Dungeon (9/15)             Temple (1/1) D:5
   Lair: D:8-11         Orc: D:9-12

Altars:
Ashenzari
Cheibriados
Dithmenos
Elyvilon
Fedhas
Gozag
Hepliaklqana
Kikubaaqudgha
Makhleb
Nemelex Xobeh
Okawaru
Qazlal
Ru
Sif Muna
Trog
Uskayaw
Vehumet
Wu Jian
Xom
Yredelemnul
Zin
The Shining One

Shops:
D:7 (


Innate Abilities, Weirdness & Mutations

You are too large for most types of armour.
You have claws for hands.
Your metabolism is lightning-fast.
You like to eat raw meat.
Your natural rate of healing is unusually fast.
You are covered in fur. (AC +1)
You have very tough skin. (AC +2)
You cannot train Armour skill.
You are somewhat inexperienced. (-2 XL)


Message History

The two-headed ogre misses you. The two-headed ogre barely misses you.
You completely miss the two-headed ogre.
The two-headed ogre is heavily wounded.
You claw the two-headed ogre!
The two-headed ogre is severely wounded.
The two-headed ogre hits you with a great mace!
The two-headed ogre barely misses you.
You claw the two-headed ogre!
The two-headed ogre is almost dead.
The two-headed ogre hits you with a great mace!!
* * * LOW HITPOINT WARNING * * *
The two-headed ogre closely misses you.
You scratch the two-headed ogre.
The two-headed ogre is almost dead.
You completely miss the two-headed ogre.
The two-headed ogre is almost dead.
The two-headed ogre hits you with a great mace!!
* * * LOW HITPOINT WARNING * * *
The two-headed ogre hits you with a giant club.
You die...

..###....<##.#
*,,,,,,,* .##
##[......#
**,**,,**
#.###.##..####
*,,,,**
##.#.###..#
###*******,****
....####..#
#..,,,,,,,,*
..(.......#
#.#*********
.########.# #>#
## #.# #O# #
#.######@# #
#........#
##########


You could see a two-headed ogre.

Vanquished Creatures
  A two-headed ogre (D:8)
  A polar bear (D:8)
  2 hornets (D:8)
  A hippogriff (D:7)
  Grinder (D:6)
  Sigmund (D:6)
  A hungry ghost (D:8)
  A yak (D:8)
  Eustachio (D:6)
  Menkaure (D:7)
  A soldier ant (D:8)
  2 orc warriors
  A black bear (D:7)
  2 ice beasts (D:6)
  2 phantoms
  3 sky beasts
  2 ogres
  A centaur (D:7)
  2 bullfrogs (D:8)
  2 scorpions
  A water moccasin skeleton (D:6)
  4 killer bees (D:8)
  2 wights (D:8)
  3 electric eels (D:8)
  3 crimson imps
  3 bullfrog skeletons
  4 hounds
  5 orc priests
  6 orc wizards
  2 iguanas
  7 worker ants
  10 big kobold zombies (Ossuary)
  A mummy (Ossuary)
  A howler monkey zombie (D:5)
  11 adders
  A hound simulacrum (D:8)
  A shadow imp (D:9)
  An ooze (D:3)
  2 adder zombies
  3 worms
  3 dart slugs
  6 leopard geckos
  33 orcs
  A spectral bat (Ossuary)
  6 giant cockroaches
  2 gnoll zombies (Ossuary)
  9 goblins
  10 hobgoblins
  8 jackals
  5 quokkas
  10 bats
  3 bat simulacra (Ossuary)
  7 frilled lizards
  A giant cockroach zombie (D:5)
  3 goblin simulacra (Ossuary)
  7 goblin zombies (Ossuary)
  2 hobgoblin zombies (Ossuary)
  A jackal skeleton (D:4)
  7 kobolds
  6 kobold simulacra (Ossuary)
  6 kobold zombies (Ossuary)
  A leopard gecko zombie (D:6)
  3 orc zombies (Ossuary)
  4 rats
  2 rat simulacra (Ossuary)
  A spectral goblin (Ossuary)
  2 spectral kobolds (Ossuary)
  3 spectral rats (Ossuary)
  2 plants (D:2)
254 creatures vanquished.

Vanquished Creatures (others)
  Prince Ribbit (D:8)
  A wight (D:8)
2 creatures vanquished.

Grand Total: 256 creatures vanquished

Notes
Turn   | Place    | Note
-------+----------+-------------------------------------------
     0 | D:1      | experimilk the Troll Monk began the quest for the Orb.
     0 | D:1      | Reached XP level 1. HP: 22/22 MP: 0/0
   202 | D:1      | Reached XP level 2. HP: 28/29 MP: 1/1
  1222 | D:2      | Reached XP level 3. HP: 35/36 MP: 2/2
  1457 | D:2      | You fall through a shaft for 2 floors!
  1470 | D:4      | Reached skill level 4 in Unarmed Combat
  1470 | D:4      | Reached XP level 4. HP: 15/44 MP: 3/3
  1573 | D:4      | Found a sand-covered staircase.
  1579 | Ossuary  | Entered an ossuary
  1878 | Ossuary  | Reached XP level 5. HP: 53/53 MP: 4/4
  1954 | Ossuary  | Reached skill level 5 in Unarmed Combat
  2033 | Ossuary  | Reached XP level 6. HP: 54/61 MP: 5/5
  2254 | D:4      | Noticed a sky beast
  2373 | D:3      | Found a burning altar of Makhleb.
  2378 | D:3      | Noticed a blizzard demon
  2382 | D:3      | Found a glowing silver altar of Zin.
  2382 | D:3      | Noticed an angel
  3869 | D:4      | Killed a sky beast
  3869 | D:4      | Reached skill level 6 in Unarmed Combat
  3869 | D:4      | Reached XP level 7. HP: 65/68 MP: 6/6
  3938 | D:4      | Found the cursed +13 scythe of Curses {drain, *Curse}
  4378 | D:5      | Entered Level 5 of the Dungeon
  4435 | D:5      | Found a staircase to the Ecumenical Temple.
  4447 | Temple   | Entered the Ecumenical Temple
  4561 | Temple   | Became a worshipper of Ru the Awakened
  4562 | Temple   | Gained mutation: You cannot train Armour skill. [Ru
                  | sacrifice]
  4562 | Temple   | Reached * piety under Ru
  4924 | D:5      | Reached skill level 7 in Unarmed Combat
  5299 | D:6      | Noticed Eustachio
  5407 | D:6      | Reached XP level 8. HP: 79/79 MP: 7/7
  5610 | D:6      | Noticed Sigmund
  5705 | D:6      | Killed Sigmund
  5705 | D:6      | Reached skill level 5 in Fighting
  5705 | D:6      | Reached skill level 5 in Dodging
  5705 | D:6      | Reached skill level 8 in Unarmed Combat
  5820 | D:6      | Noticed Grinder
  5832 | D:6      | Paralysed by Grinder for 7 turns
  5840 | D:6      | Killed Grinder
  5920 | D:6      | Found an ornate altar of the Wu Jian Council.
  5920 | D:6      | Found a basalt altar of Yredelemnul.
  5921 | D:6      | Found a hazy altar of Hepliaklqana.
  5955 | D:6      | Killed Eustachio
  5955 | D:6      | Reached skill level 9 in Unarmed Combat
  5955 | D:6      | Reached XP level 9. HP: 43/88 MP: 8/8
  6601 | D:7      | Noticed Menkaure
  6607 | D:7      | Killed Menkaure
  6658 | D:7      | Found Gor Aneps's Weapon Shop.
  6670 | D:7      | Gained mutation: You are somewhat inexperienced. (-2 XL)
                  | [Ru sacrifice]
  6670 | D:7      | Reached XP level 8. HP: 83/83 MP: 7/7
  6670 | D:7      | Reached XP level 7. HP: 74/74 MP: 6/6
  6670 | D:7      | Reached ** piety under Ru
  6670 | D:7      | Reached *** piety under Ru
  6769 | D:7      | You fall through a shaft for 2 floors!
  6896 | D:8      | Noticed a two-headed ogre
  7011 | D:7      | Found a shadowy altar of Dithmenos.
  7222 | D:7      | Noticed a hippogriff
  7230 | D:7      | Killed a hippogriff
  7230 | D:7      | Reached XP level 8. HP: 73/83 MP: 7/7
  7232 | D:7      | Reached skill level 10 in Unarmed Combat
  7550 | D:8      | Noticed Prince Ribbit
  7575 | D:8      | Killed Prince Ribbit
  7778 | D:8      | Reached XP level 9. HP: 42/92 MP: 8/8
  8029 | D:8      | Killed a two-headed ogre
  8029 | D:8      | Reached skill level 11 in Unarmed Combat
  8143 | D:8      | Noticed a polar bear
  8159 | D:8      | Killed a polar bear
  8282 | D:8      | Paralysed by a hornet for 2 turns
  8284 | D:8      | Reached XP level 10. HP: 47/102 MP: 9/9
  8508 | D:8      | Noticed a two-headed ogre
  8522 | D:8      | HP: 1/102 [two-headed ogre/great mace (23)]
  8522 | D:8      | Slain by a two-headed ogre

Skill      XL: |  1  2  3  4  5  6  7  8  9 |
---------------+----------------------------+-----
Unarmed Combat | 4 5 6 7 10 11 | 11.4
Fighting       | 3 6 5 7 |  7.1
Dodging        | 3 6 5 7 |  7.1
Stealth        | |  1.0

Action                   |  1- 3 |  4- 6 |  7- 9 | 10-12 || total
-------------------------+-------+-------+-------+-------++-------
Melee: Unarmed           |    89 |   288 |   379 |    12 ||   768
       Punch             |     2 |     9 |    20 |       ||    31
Throw: Javelin           |       |     1 |     1 |       ||     2
Invok: Sacrifice Durabil |       |       |     1 |       ||     1
       Sacrifice Experie |       |       |     1 |       ||     1
       Draw Out Power    |       |       |     1 |     1 ||     2
  Use: Scroll            |     7 |     6 |     4 |       ||    17
       Potion            |       |       |     2 |       ||     2
 Stab: Sleeping          |     4 |     7 |    10 |       ||    21
       Distracted        |       |       |     3 |       ||     3
       Invisible         |       |       |     3 |       ||     3
  Eat: Chunk             |    19 |    22 |    50 |     1 ||    92
Armor: Robe              |    34 |    84 |    83 |       ||   201
Dodge: Dodged            |    43 |   108 |   217 |    10 ||   378
